 Dungeon Crawl Stone Soup version 0.27-a0-1202-ge72e49191c (webtiles) character file.

Game seed: 10752660590989083832

2 Ancestrald the Caller (level 1, 0/10 HPs)
             Began as a Kobold Summoner on June 3, 2021.
             Slain by a ball python (1 damage)
             ... on level 1 of the Dungeon.
             The game lasted 00:02:18 (503 turns).

Ancestrald the Caller (Kobold Summoner)              Turns: 503, Time: 00:02:19

Health: 0/10       AC:  2    Str:  5    XL:     1   Next: 33%
Magic:  2/3        EV: 12    Int: 16    God:
Gold:   6          SH:  0    Dex: 15    Spells: 3/4 levels left

rFire    . . .     SeeInvis .   b - staff of death
rCold    . . .     Faith    .   (shield currently unavailable)
rNeg     + . .     Spirit   .   a - +0 robe
rPois    .         Reflect  .   (no helmet)
rElec    .         Harm     .   (no cloak)
rCorr    .         Rampage  .   (no gloves)
Will     .....                  (no boots)
Stlth    +++.......             (no amulet)
HPRegen  0.03/turn              (no ring)
MPRegen  0.08/turn              (no ring)

@: constricted
A: small, no large weapons, nightstalker 3
a: no special abilities


You were on level 1 of the Dungeon.
You visited 1 branch of the dungeon, and saw 1 of its levels.

You collected 6 gold pieces.

Inventory:

Missiles
 c - 19 stones
 e - 27 bolts
Armour
 a - a +0 robe (worn)
Magical Staves
 b - a staff of death (weapon)
Scrolls
 d - a scroll of teleportation {unknown}


   Skills:
 + Level 2.4 Dodging
 * Level 2.6 Stealth
 * Level 2.2 Spellcasting
 * Level 4.0 Summonings


You had 3 spell levels left.
You knew the following spells:

 Your Spells              Type           Power      Damage    Failure   Level
a - Summon Small Mammal   Summ           56%        N/A       3%          1

Your spell library contained the following spells:

 Spells                   Type           Power      Damage    Failure   Level
 Call Imp                 Summ           14%        N/A       6%          2
 Call Canine Familiar     Summ           14%        N/A       12%         3
 Summon Guardian Golem    Hex/Summ       8%         N/A       26%         3
 Summon Ice Beast         Ice/Summ       8%         N/A       65%         4
 Summon Lightning Spire   Summ/Air       8%         N/A       65%         4


Dungeon Overview and Level Annotations

Branches:
Dungeon (1/15)

Altars:


Innate Abilities, Weirdness & Mutations

You are small and have problems with some larger weapons.
You are completely attuned to the shadows.


Message History

r - Retreat! s - Stop attacking. g - Guard the area. f - Follow me.
Anything else - Cancel.
Gang up on whom?
Press: ? - help, Dir - move target, f - kobold
Aim: a kobold, wielding a +0 short sword (asleep, ally target) Attack!
The kobold shouts!
Your bat hits the kobold but does no damage.
Your bat closely misses the kobold.
The kobold misses your bat.
Your bat hits the kobold. The ball python bites your bat.
The ball python grabs your bat. The ball python constricts your bat.
Your bat struggles to escape constriction.
Your bat misses the kobold.
Your bat struggles to escape constriction.
The ball python loses its grip on your bat.
You closely miss the kobold.
The kobold is moderately wounded.
Your bat hits the ball python.
The kobold hits you with a +0 short sword.
You barely miss the kobold.
The kobold is moderately wounded.
Your bat hits the ball python.
The ball python closely misses your bat.
The ball python misses your bat. The kobold barely misses you.
The kobold misses you.
You miss the kobold.
The kobold is moderately wounded.
Your bat barely misses the kobold.
The ball python barely misses you. x2
The kobold hits you with a +0 short sword.
* * * LOW HITPOINT WARNING * * *
Your bat hits the ball python. The ball python bites you.
* * * LOW HITPOINT WARNING * * *
The ball python grabs you.
* * * LOW HITPOINT WARNING * * *
The ball python constricts you.
The ball python's grasp on you weakens, but your attempt to escape fails.
Your bat barely misses the kobold.
The ball python bites you.
You die...

#..###. #.##
## .......
##.###.
......##. ..
##.#.#
S........
..## ##.#.
...........
...##.#.#
#..# #b.#
#.#.###. #..#
#KS##.#
.##..## ##
#..###.@....
......###.
#.......##.#
.##.#.##.#
##.###..# #
#.#...## #.#
#...#
#.#..... #.#
#.....
..#...## #.#
##..#.
..#...## #.#
........ #.#
.# ..#..###
#.##.#####.#.
..#..###


You could see a ball python, a kobold (ally target) and a friendly bat
(summoned).

Vanquished Creatures
  A rat (D:1)
1 creature vanquished.

Vanquished Creatures (collateral kills)
  A goblin (D:1)
  A ball python (D:1)
2 creatures vanquished.

Grand Total: 3 creatures vanquished

Notes
Turn   | Place    | Note
-------+----------+-------------------------------------------
     0 | D:1      | Ancestrald the Kobold Summoner began the quest for the Orb.
     0 | D:1      | Reached XP level 1. HP: 10/10 MP: 3/3
   503 | D:1      | Slain by a ball python

Illustrated notes

Levels and vault maps discovered:
D:1:      minmay_arrival_diagonal_passages, layout_basic

Action                   || total
-------------------------++-------
Melee: Staff             ||     4
 Cast: Summon Small Mamm ||     5
Dodge: Dodged            ||     6

Table legend: (Time is in decaauts)
 A = Elapsed time spent in this place.
 B = Non-inter-level travel time spent in this place.
 C = Inter-level travel time spent in this place.
 D = Time resting spent in this place.
 E = Time spent auto-exploring this place.
 F = Levels seen in this place.
 G = Mean time per level.
                   A        B        C        D        E       F      G
               +--------+--------+--------+--------+--------+-----+--------+
         Total |    503 |    486 |     17 |      0 |    384 |   1 |  503.0 |
       Dungeon |    503 |    486 |     17 |      0 |    384 |   1 |  503.0 |
               +--------+--------+--------+--------+--------+-----+--------+

Top non-repeatable levels by time:
     D:1: 503 daAuts
